 Dungeon Crawl Stone Soup version 0.28-a0-1159-g27aa881441 (webtiles) character file.

Game seed: 11361466320967581235

1697 ders the Geomancer (level 9, 0/45 HPs)
             Began as a Gargoyle Earth Elementalist on Dec 15, 2021.
             Slain by a vampire (12 damage)
             ... on level 5 of the Dungeon.
             The game lasted 00:06:04 (6401 turns).

ders the Geomancer (Gargoyle Earth Elementalist)    Turns: 6401, Time: 00:06:05

Health: 0/45       AC:  8    Str: 13    XL:     9   Next: 3%
Magic:  3/18       EV: 12    Int: 19    God:
Gold:   161        SH:  0    Dex: 16    Spells: 12/20 levels left

rFire   . . .      SeeInvis +   j - +2 dagger (venom)
rCold   . . .      Faith    .   (no shield)
rNeg    + . .      Spirit   .   b - +0 robe
rPois   ∞          Reflect  .   (no helmet)
rElec   +          Harm     .   (no cloak)
rCorr   .          Rampage  .   (no gloves)
Will    .....                   (no boots)
Stlth   +.........              w - amulet of the acrobat
HPRegen 0.15/turn               g - ring of see invisible
MPRegen 0.16/turn               k - +6 ring of dexterity

@: confused
A: sickness immunity, AC +6, negative energy resistance 1, electricity
resistance, torment resistance 1, petrification resistance
a: no special abilities


You were on level 5 of the Dungeon.
You visited 1 branch of the dungeon, and saw 6 of its levels.

You collected 161 gold pieces.

Inventory:

Hand Weapons
 j - a +2 dagger of venom (weapon)
Missiles
 c - 151 stones
Armour
 b - a +0 robe (worn)
Jewellery
 g - a ring of see invisible (left hand)
 k - a +6 ring of dexterity (right hand)
 m - a ring of positive energy
 w - an amulet of the acrobat (around neck)
Wands
 f - a wand of paralysis (13)
 s - a wand of polymorph (5)
Scrolls
 a - 4 scrolls of identify {unknown}
 h - 4 scrolls of blinking {unknown}
 i - 2 scrolls of vulnerability {unknown}
 l - a scroll of fog {unknown}
 n - 4 scrolls of teleportation {unknown}
 p - a scroll of immolation {unknown}
 q - a scroll of noise {unknown}
 r - 3 scrolls of enchant armour {unknown}
Potions
 d - 2 potions of flight {unknown}
 e - 4 potions of curing {unknown}
 o - 2 potions of haste {unknown}
 t - 2 potions of degeneration {unknown}
 u - a potion of ambrosia {unknown}
 v - a potion of resistance {unknown}
 x - a potion of mutation {unknown}


   Skills:
 - Level 1.5 Dodging
 - Level 2.1 Stealth
 + Level 6.2 Spellcasting
 + Level 6.9 Conjurations
 - Level 0.7 Transmutations
 + Level 8.5 Earth Magic


You had 12 spell levels left.
You knew the following spells:

 Your Spells              Type           Power      Damage    Failure   Level
a - Sandblast             Erth           76%        2d16      1%          1
b - Stone Arrow           Conj/Erth      70%        3d11      1%          3
c - Petrify               Tmut/Erth      23%        N/A       16%         4

Your spell library contained the following spells:

 Spells                   Type           Power      Damage    Failure   Level
 Passwall                 Tmut/Erth      19%        N/A       2%          2
 Slow                     Hex            20%        N/A       11%         1
 Confusing Touch          Hex            5%         N/A       32%         3
 Gell's Gravitas          Tloc           5%         N/A       32%         3
 Lesser Beckoning         Tloc           5%         N/A       32%         3
 Swiftness                Air            5%         N/A       32%         3
 Teleport Other           Tloc           5%         N/A       32%         3
 Tukima's Dance           Hex            5%         N/A       32%         3
 Vampiric Draining        Necr           5%         2d6       32%         3
 Passage of Golubria      Tloc           5%         N/A       73%         4
 Yara's Violent Unravell  Hex/Tmut       3%         3d4       95%         5


Dungeon Overview and Level Annotations

Branches:
Dungeon (6/15)
 Temple: D:4-7

Altars:
Makhleb
Okawaru
Sif Muna
Trog
Xom
Zin

Shops:
D:2 (   D:4 *


Innate Abilities, Weirdness & Mutations

You are immune to sickness and miasma.
Your stone body is resilient. (AC +6)
You are immune to poison.
You resist negative energy. (rN+)
You are resistant to electric shocks. (rElec)
You are resistant to unholy torment.
You are immune to petrification.


Message History

Aiming: Sandblast (safe; 1% risk of failure)
Press: ? - help, Shift-Dir - straight line, f/p - vampire
Aim: a vampire (severely damaged, slightly transparent, 82% to hit)
The blast of sand hits the vampire!
The vampire is almost destroyed.
The vampire hits you but does no damage.
The vampire barely misses you.
Unknown command.
The vampire points at you and mumbles some strange words.
You are confused.
The vampire completely misses you. x2
You're too confused to cast spells.
The vampire gestures at you while chanting.
You are more confused.
You're too confused to cast spells.
You're too confused to cast spells.
You're too confused to cast spells.
You bump into the rock wall.
You bump into the rock wall.
The vampire casts a spell at you.
You are more confused.
The vampire points at you and mumbles some strange words.
You resist with some effort.
You see here 24 arrows.
You're too confused to cast spells.
You're too confused to cast spells.
You bump into the rock wall.
You bump into the rock wall.
The vampire hits you. The vampire bites you.
You're too confused to cast spells.
You're too confused to cast spells.
You're too confused to cast spells.
You bump into the rock wall.
The vampire closely misses you. The vampire misses you.
The vampire closely misses you. The vampire completely misses you.
You bump into the rock wall.
The vampire hits you. The vampire bites you!
* * * LOW HITPOINT WARNING * * *
You're too confused to cast spells.
You're too confused to cast spells.
You're too confused to move!
The vampire hits you!
You die...

#..# #
######.##.# .
#.........# ..
#.####.##.# #.#
#.# # #.# #.# #.#
#(# ##.##
#V#######
###...###.@.....#
#....#.########.#
#.#.#.## #.##.##
#.#### #.# #.#
#.# #.#


You could see a vampire (invisible).

Vanquished Creatures
  Prince Ribbit (D:5)
  Grinder (D:5)
  Sigmund (D:5)
  An ice beast (D:5)
  A necrophage (D:5)
  A centaur (D:6)
  2 ogres (D:6)
  A phantom (D:4)
  A water moccasin skeleton (D:6)
  A bullfrog skeleton (D:2)
  3 hounds
  An orc priest (D:3)
  Ijyb (D:3)
  3 iguanas
  3 orc wizards (D:6)
  A killer bee zombie (D:6)
  7 gnolls
  7 adders
  A white imp (D:6)
  2 adder skeletons
  2 worms
  3 dart slugs (D:1)
  9 orcs
  7 ball pythons
  7 endoplasms
  2 giant cockroaches
  14 goblins
  10 hobgoblins
  3 jackals (D:3)
  3 quokkas
  6 bats
  3 frilled lizards
  4 kobolds
  A quokka skeleton (D:4)
  9 rats
123 creatures vanquished.

Vanquished Creatures (others)
  A wizard (D:4)
1 creature vanquished.

Grand Total: 124 creatures vanquished

Notes
Turn   | Place    | Note
-------+----------+-------------------------------------------
     0 | D:1      | ders the Gargoyle Earth Elementalist began the quest for
                  | the Orb.
     0 | D:1      | Reached XP level 1. HP: 10/10 MP: 3/3
    43 | D:1      | Reached skill level 1 in Conjurations
    43 | D:1      | Reached XP level 2. HP: 15/15 MP: 1/5
   198 | D:1      | Reached skill level 4 in Earth Magic
   457 | D:1      | Reached XP level 3. HP: 19/19 MP: 4/6
   466 | D:1      | Learned a level 3 spell: Stone Arrow
  1425 | D:2      | Found a faded altar of an unknown god.
  1488 | D:2      | Found Adwesiuff's Weapon Shoppe.
  1662 | D:2      | Reached XP level 4. HP: 21/24 MP: 3/8
  1945 | D:3      | Reached XP level 5. HP: 28/28 MP: 7/9
  2373 | D:3      | Reached skill level 5 in Earth Magic
  2843 | D:3      | Noticed Ijyb
  2848 | D:3      | Killed Ijyb
  3572 | D:4      | Noticed a phantom
  3576 | D:4      | Killed a phantom
  3577 | D:4      | Reached XP level 6. HP: 32/32 MP: 1/11
  3715 | D:4      | Found Umioto's Neck Hole.
  4254 | D:4      | Found a bloodstained altar of Trog.
  4255 | D:4      | Found a shimmering blue altar of Sif Muna.
  4258 | D:4      | Noticed a wizard
  4263 | D:4      | Killed a wizard
  4488 | D:5      | Entered Level 5 of the Dungeon
  4532 | D:5      | Noticed an ice beast
  4534 | D:5      | Killed an ice beast
  4535 | D:5      | Reached skill level 6 in Earth Magic
  4535 | D:5      | Reached XP level 7. HP: 36/36 MP: 5/13
  4696 | D:5      | Noticed Sigmund
  4708 | D:6      | Found a shimmering altar of Xom.
  4842 | D:6      | Learned a level 4 spell: Petrify
  4969 | D:6      | Reached skill level 5 in Conjurations
  5083 | D:6      | Found a burning altar of Makhleb.
  5223 | D:6      | Found a glowing silver altar of Zin.
  5251 | D:6      | Reached skill level 5 in Spellcasting
  5251 | D:6      | Reached skill level 7 in Earth Magic
  5251 | D:6      | Reached XP level 8. HP: 24/41 MP: 8/15
  5878 | D:5      | Noticed Grinder
  5880 | D:5      | Killed Grinder
  6050 | D:5      | Found an iron altar of Okawaru.
  6162 | D:5      | Noticed Prince Ribbit
  6167 | D:5      | Killed Prince Ribbit
  6168 | D:5      | Reached skill level 8 in Earth Magic
  6356 | D:5      | Killed Sigmund
  6357 | D:5      | Reached XP level 9. HP: 45/45 MP: 2/18
  6401 | D:5      | Slain by a vampire

Illustrated notes

Levels and vault maps discovered:
D:1:      ebering_hopf_link, layout_loops_ring
D:2:      layout_basic, basic_ecumenical_altar, serial_shops, shop
D:3:      kennysheep_goblin_castle, layout_rooms, nicolae_figureground_pulse
D:4:      layout_rooms, trog_wizard, kennysheep_mini,
          nicolae_shop_sticking_my_neck_out
D:5:      layout_loops_ring, general_overflow_altar,
          minmay_temple_entry_slanted, uniq_sigmund, uniq_grinder,
          uniq_prince_ribbit1
D:6:      layout_rooms, bloody_makhleb, xom_teletrap_fun,
          overflow_temple_1_default, hangedman_abyss_or_decor_jellyfish_corner

Skill      XL: |  1  2  3  4  5  6  7  8 |
---------------+-------------------------+-----
Conjurations   | 1 2 3 4 5 6 |  6.9
Earth Magic    | 4 5 6 7 8 |  8.5
Spellcasting   | 3 4 5 6 |  6.2
Dodging        | |  1.5
Stealth        | |  2.1
Transmutations | |  0.7

Action                   |  1- 3 |  4- 6 |  7- 9 || total
-------------------------+-------+-------+-------++-------
Melee: Unarmed           |     9 |       |       ||     9
       Short sword       |     2 |       |       ||     2
       Long sword        |       |    13 |       ||    13
       Dagger            |       |     6 |    19 ||    25
 Cast: Sandblast         |    44 |    38 |    20 ||   102
       Stone Arrow       |     2 |    37 |    36 ||    75
Armor: Robe              |    13 |    11 |    17 ||    41
Dodge: Dodged            |    23 |    28 |    31 ||    82

Table legend: (Time is in decaauts)
 A = Elapsed time spent in this place.
 B = Non-inter-level travel time spent in this place.
 C = Inter-level travel time spent in this place.
 D = Time resting spent in this place.
 E = Time spent auto-exploring this place.
 F = Levels seen in this place.
 G = Mean time per level.
                   A        B        C        D        E       F      G
               +--------+--------+--------+--------+--------+-----+--------+
         Total |   6405 |   6181 |    224 |   1044 |   4437 |   6 | 1067.5 |
       Dungeon |   6405 |   6181 |    224 |   1044 |   4437 |   6 | 1067.5 |
               +--------+--------+--------+--------+--------+-----+--------+

Top non-repeatable levels by time:
     D:3: 1677 daAuts
     D:1: 1254 daAuts
     D:6: 1172 daAuts
     D:4: 848 daAuts
     D:5: 740 daAuts
     D:2: 711 daAuts
